 Dungeon Crawl Stone Soup version 0.23.1 (webtiles) character file.

Game seed: 0

8504 DildoBatman the Jinx (level 11, -5/79 HPs)
             Began as a Formicid Wizard on Mar 8, 2019.
             Was a Believer of Kikubaaqudgha.
             Slain by a minotaur (13 damage)
             ... in a Gauntlet on Mar 9, 2019.
             The game lasted 01:08:05 (12313 turns).

DildoBatman the Jinx (Formicid Wizard)             Turns: 12313, Time: 01:08:06

Health: -5/79      AC: 10    Str: 12      XL:     11   Next: 57%
Magic:  12/20      EV: 11    Int: 19 (21) God:    Kikubaaqudgha [**....]
Gold:   562        SH:  0    Dex: 12      Spells: 5/22 levels left

rFire    + . .     SeeInvis +   a - +2 trident (venom)
rCold    . . .     Gourm    +   (no shield)
rNeg     . . .     Faith    .   f - +1 ring mail {rF+}
rPois    .         Spirit   .   (helmet unavailable)
rElec    .         Reflect  .   W - +0 cloak {+Inv}
rCorr    .         Harm     .   K - +0 pair of gloves {Dex+3}
MR       +....                  Y - +0 pair of boots
Stlth    +.........             P - amulet of the gourmand
HPRegen  0.23/turn              I - ring of wizardry
MPRegen  0.17/turn              (no ring)

@: no status effects
A: permanent stasis, dig shafts and tunnels, four strong arms, antennae 3
a: Dig, Shaft Self, Receive Corpses, Renounce Religion, Evoke Invisibility


You were in a Gauntlet.
You worshipped Kikubaaqudgha.
Kikubaaqudgha was pleased with you.
You were full.

You visited 2 branches of the dungeon, and saw 13 of its levels.
You also visited: Sewer and Gauntlet.

You collected 562 gold pieces.

Inventory:

Hand Weapons
 a - a +2 trident of venom (weapon)
 c - a +3 shortbow
 d - a +1 short sword of draining
 x - the +6 whip of Eternal Harmony {vamp, rF+ Int+3 Dex+3}
   (You found it in a Gauntlet)

   It inflicts no extra harm, but heals its wielder when it wounds a living foe.
   It affects your intelligence (+3).
   It affects your dexterity (+3).
   It protects you from fire.
Missiles
 e - 12 javelins
 g - 33 poisoned needles
 s - 54 bolts
 y - 269 arrows
 D - 41 sling bullets
 E - 6 tomahawks (quivered)
 J - 2 throwing nets
 O - 7 curare-tipped needles
Armour
 f - a +1 ring mail of fire resistance (worn)
 j - a +0 robe
 K - a +0 pair of gloves of dexterity (worn)
 R - a +0 shield
 W - a +0 cloak of invisibility (worn)
 Y - a +0 pair of boots (worn)
Magical Staves
 b - an uncursed staff of poison
Jewellery
 I - a ring of wizardry (left hand)
 P - an amulet of the gourmand (around neck)
Wands
 l - a wand of iceblast (4)
 A - a wand of flame (22)
 H - a wand of clouds (7)
 S - a wand of enslavement (8)
 X - a wand of polymorph (7)
Scrolls
 k - 2 scrolls of enchant weapon {unknown}
 q - 2 scrolls of enchant armour
 r - a scroll of fear
 u - 4 scrolls of fog
 B - 2 scrolls of immolation
 L - a scroll of magic mapping {unknown}
 M - a scroll of noise {unknown}
 T - 2 scrolls of torment {unknown}
 V - a scroll of summoning {unknown}
 Z - 2 scrolls of silence {unknown}
Potions
 h - 2 potions of might {unknown}
 i - 3 potions of flight
 m - a potion of berserk rage {unknown}
 n - 2 potions of curing {unknown}
 t - 3 potions of magic
 w - 2 potions of brilliance {unknown}
 C - 5 potions of lignification {unknown}
 F - a potion of haste {unknown}
 G - a potion of invisibility {unknown}
 N - 3 potions of agility {unknown}
 Q - a potion of mutation {unknown}
 U - 4 potions of degeneration {unknown}
Miscellaneous
 o - a fan of gales (inert)
Comestibles
 v - 25 rations


   Skills:
 - Level 5.0 Fighting
 - Level 2.0 Short Blades
 - Level 2.0 Maces & Flails
 - Level 2.0 Polearms
 - Level 5.0 Armour
 - Level 3.0 Dodging
 - Level 2.4 Stealth
 * Level 0.0 Shields
 - Level 6.0 Spellcasting
 - Level 5.4 Conjurations
 - Level 9.1 Hexes
 - Level 3.0 Charms
   Level 1.0 Summonings
 - Level 5.0 Necromancy
   Level 0.8 Translocations
 - Level 4.0 Fire Magic
 - Level 3.0 Air Magic
 - Level 8.0 Poison Magic


You had 5 spell levels left.
You knew the following spells:

 Your Spells              Type           Power        Failure   Level  Hunger
a - Conjure Flame         Conj/Fire      ###.....     4%          3    ##.....
b - Confuse               Hex            #####...     1%          3    ##.....
c - Magic Dart            Conj           ####         1%          1    None
d - Regeneration          Chrm/Necr      ###.......   6%          3    ##.....
e - Mephitic Cloud        Conj/Pois/Air  ####....     3%          3    ##.....
f - Slow                  Hex            #####...     1%          2    None
z - Sublimation of Blood  Necr           ###.......   1%          2    None

Your spell library contained the following spells:

 Spells                   Type           Power        Failure   Level  Hunger
 Animate Skeleton         Necr           N/A          1%          1    None
 Confusing Touch          Hex            #####.       1%          1    None
 Pain                     Necr           ###.         1%          1    None
 Call Imp                 Summ           #.......     10%         2    None
 Gell's Gravitas          Tloc           #.........   21%         3    ##.....
 Metabolic Englaciation   Hex/Ice        ###.......   38%         5    #####..
 Yara's Violent Unravell  Hex/Tmut       ###.......   38%         5    #####..
 Petrify                  Tmut/Erth      #.......     65%         4    ####...
 Blink                    Tloc           Unusable     N/A         2    N/A

Dungeon Overview and Level Annotations

Branches:
Dungeon (12/15)            Temple (1/1) D:5             Orc (0/2) D:9
   Lair: D:8-11

Altars:
Ashenzari
Cheibriados
Dithmenos
Elyvilon
Fedhas
Gozag
Hepliaklqana
Kikubaaqudgha
Makhleb
Nemelex Xobeh
Okawaru
Qazlal
Ru
Sif Muna
Trog
Uskayaw
Vehumet
Wu Jian
Xom
Yredelemnul
Zin
The Shining One
Beogh

Shops:
D:4 [

Annotations:
Gauntlet 6 transporters, exclusions: obsidian statue and orange crystal statue


Innate Abilities, Weirdness & Mutations

You cannot be hasted, slowed, berserked, paralysed or teleported.
You can dig through walls and to a lower floor.
Your four strong arms can wield two-handed weapons with a shield.
You have a pair of large antennae on your head. (SInv)


Message History

The minotaur hits you but does no damage.
The minotaur gores you.
You hit the minotaur.
The minotaur is poisoned.
The minotaur is moderately wounded.
The minotaur is engulfed in blazing flames.
The minotaur hits you!! The minotaur misses you.
The minotaur blocks your attack.
The minotaur is moderately wounded.
The minotaur is engulfed in blazing flames.
The minotaur hits you!! The minotaur gores you!
Your skin is crawling a little less now.
The minotaur is engulfed in blazing flames.
Your skin stops crawling.
The minotaur hits you!! The minotaur gores you!
You die...
Kikubaaqudgha rasps: "You have failed me!
Welcome... death!"

######......#####
#...............#
#...............#
####.###.###.####
###.###.###.###
#.............#
#.###.###.###.#
#.............#
###@###'##.####
#H###.##.#
#.#.∩..#.#
#.#(..⌠'|#
#.'⌠...#.#
#.#..⌠.#.#
#.###'##.#
##.....(.#
#########


You could see a minotaur.

Vanquished Creatures
  A two-headed ogre (D:9)
  An unseen horror (D:12)
  A torpor snail (Gauntlet)
  An ice devil (Gauntlet)
  Prince Ribbit (D:9)
  A hornet (D:10)
  A vampire (D:9)
  A shadow (D:12)
  4 yaks (D:9)
  2 hungry ghosts (D:9)
  A water moccasin (D:8)
  7 orc warriors
  A sky beast (D:8)
  3 ice beasts
  3 phantoms
  7 ogres
  An eye of draining (D:9)
  3 wolves (Gauntlet)
  7 centaurs
  4 big kobolds
  5 bullfrogs
  A wyvern zombie (D:12)
  2 scorpions
  4 howler monkeys
  2 crimson imps (D:9)
  A centaur zombie (D:7)
  7 hounds
  9 orc priests
  3 bullfrog skeletons
  2 jellies (D:8)
  A gnoll shaman (D:6)
  2 centaur skeletons
  3 iguanas
  11 orc wizards
  6 worker ants
  A hound skeleton (D:9)
  A howler monkey zombie (D:5)
  A worker ant zombie (D:7)
  8 gnolls
  An orc zombie (D:4)
  14 adders
  A gnoll zombie (D:4)
  A river rat (Sewer)
  3 shadow imps
  2 white imps (Gauntlet)
  3 oozes (Sewer)
  2 adder zombies
  2 adder skeletons
  2 worms
  2 dart slugs
  5 leopard geckos
  63 orcs
  4 bats
  3 giant cockroaches
  6 goblins
  6 hobgoblins
  4 jackals
  14 kobolds
  3 quokkas
  4 ball pythons
  5 frilled lizards
  A quokka skeleton (D:4)
  12 rats
  A fungus (Gauntlet)
285 creatures vanquished.

Notes
Turn   | Place    | Note
-------+----------+-------------------------------------------
     0 | D:1      | DildoBatman the Formicid Wizard began the quest for the
                  | Orb.
     0 | D:1      | Reached XP level 1. HP: 13/13 MP: 4/4
    29 | D:1      | Reached skill level 1 in Conjurations
   276 | D:1      | Reached XP level 2. HP: 16/19 MP: 0/6
   907 | D:1      | Reached skill level 1 in Maces & Flails
   907 | D:1      | Reached XP level 3. HP: 21/24 MP: 5/7
   919 | D:1      | Learned a level 3 spell: Conjure Flame
   923 | D:1      | Learned a level 3 spell: Mephitic Cloud
  1151 | D:2      | Noticed a centaur
  1308 | D:2      | Reached XP level 4. HP: 25/30 MP: 4/8
  1377 | D:2      | Killed a centaur
  1377 | D:2      | Reached XP level 5. HP: 18/35 MP: 1/9
  1737 | D:2      | Found a bloodstained altar of Trog.
  1886 | D:3      | Found a basalt altar of Yredelemnul.
  2070 | D:3      | Found a glowing drain.
  2100 | D:3      | Reached XP level 6. HP: 24/41 MP: 2/10
  2269 | Sewer    | Entered a sewer
  2450 | Sewer    | Reached skill level 5 in Conjurations
  2607 | Sewer    | Reached skill level 1 in Poison Magic
  2607 | Sewer    | Reached XP level 7. HP: 47/47 MP: 4/12
  2819 | Sewer    | Reached skill level 1 in Fighting
  2819 | Sewer    | Reached skill level 1 in Short Blades
  2819 | Sewer    | Reached skill level 1 in Fire Magic
  3247 | D:4      | Found a transporter.
  3253 | D:4      | Reached skill level 1 in Air Magic
  3260 | D:4      | Found Ofoasesili's Antique Armour Boutique.
  3305 | D:4      | Found a transporter.
  3457 | D:4      | Reached XP level 8. HP: 56/56 MP: 10/14
  3753 | D:4      | Found a glowing silver altar of Zin.
  3785 | D:5      | Entered Level 5 of the Dungeon
  3795 | D:5      | Found a staircase to the Ecumenical Temple.
  3804 | Temple   | Entered the Ecumenical Temple
  4075 | D:5      | Reached skill level 5 in Spellcasting
  4153 | D:5      | Found a white marble altar of Elyvilon.
  4369 | D:5      | Learned a level 3 spell: Confuse
  4372 | D:5      | Learned a level 2 spell: Slow
  4620 | D:5      | Found a glowing golden altar of the Shining One.
  4714 | D:6      | Reached skill level 1 in Armour
  4945 | D:6      | Reached skill level 1 in Hexes
  5065 | D:6      | Reached XP level 9. HP: 46/62 MP: 1/17
  5392 | D:6      | Reached skill level 2 in Hexes
  5549 | D:6      | Found a shadowy altar of Dithmenos.
  6171 | D:7      | Reached skill level 5 in Poison Magic
  6564 | D:8      | Got a smelly plate armour
  6571 | D:8      | Found a hazy altar of Hepliaklqana.
  6641 | D:8      | Reached skill level 3 in Hexes
  7014 | D:8      | Found an ancient bone altar of Kikubaaqudgha.
  7018 | D:8      | Became a worshipper of Kikubaaqudgha
  7030 | D:8      | Found a radiant altar of Vehumet.
  7261 | D:8      | Reached XP level 10. HP: 41/72 MP: 19/19
  7889 | D:4      | Reached skill level 4 in Hexes
  7934 | D:4      | Identified the cursed +1 plate armour "Kidauz" {rElec Str-2
                  | Dex+3 SInv} (You found it on level 8 of the Dungeon)
  8268 | D:9      | Found a glowing golden altar of the Shining One.
  8306 | D:9      | Reached skill level 1 in Polearms
  8317 | D:9      | Reached skill level 5 in Fighting
  8561 | D:9      | Reached skill level 5 in Hexes
  8624 | D:9      | Reached * piety under Kikubaaqudgha
  8624 | D:9      | Identified Kikubaaqudgha's Grimoire of Darkness
                  | (Kikubaaqudgha gifted it to you on level 9 of the Dungeon)
  8624 | D:9      | Received a gift from Kikubaaqudgha
  8624 | D:9      | Reached skill level 5 in Armour
  8632 | D:9      | Learned a level 3 spell: Regeneration
  8635 | D:9      | Learned a level 2 spell: Sublimation of Blood
  8887 | D:9      | Reached skill level 1 in Charms
  8887 | D:9      | Reached skill level 1 in Necromancy
  8957 | D:9      | Reached ** piety under Kikubaaqudgha
  9166 | D:9      | Noticed a two-headed ogre
  9199 | D:9      | Killed a two-headed ogre
  9199 | D:9      | Reached skill level 6 in Hexes
  9199 | D:9      | Reached XP level 11. HP: 42/79 MP: 0/20
  9460 | D:9      | Noticed Prince Ribbit
  9473 | D:9      | Killed Prince Ribbit
  9615 | D:9      | Found a roughly hewn altar of Beogh.
  9615 | D:9      | Found a staircase to the Orcish Mines.
  9732 | D:10     | Entered Level 10 of the Dungeon
  9763 | D:10     | Reached skill level 7 in Hexes
 10568 | D:12     | Noticed an unseen horror
 10577 | D:12     | Killed an unseen horror
 10630 | D:12     | Reached skill level 8 in Hexes
 10767 | D:12     | Reached skill level 5 in Necromancy
 10946 | D:12     | Noticed a cyclops
 10956 | D:12     | Noticed an unseen horror
 10959 | D:12     | Found a gate leading to a gauntlet.
 10963 | Gauntlet | Entered a Gauntlet
 10963 | Gauntlet | Found a transporter.
 10963 | Gauntlet | Found a transporter.
 10963 | Gauntlet | Found a transporter.
 10973 | Gauntlet | Found a transporter.
 10976 | Gauntlet | Found a transporter.
 10984 | Gauntlet | Found a transporter.
 10987 | Gauntlet | Found a transporter.
 10996 | Gauntlet | Found a transporter.
 11006 | Gauntlet | Noticed an orange crystal statue
 11015 | Gauntlet | Found a transporter.
 11015 | Gauntlet | Noticed an obsidian statue
 11020 | Gauntlet | Found a transporter.
 11023 | Gauntlet | Found a transporter.
 11024 | Gauntlet | Noticed a worldbinder
 11034 | Gauntlet | Found a transporter.
 11240 | Gauntlet | Got a crude whip
 11243 | Gauntlet | Identified the +6 whip of Eternal Harmony {vamp, rF+ Int+3
                  | Dex+3} (You found it in a Gauntlet)
 11290 | Gauntlet | Noticed a mana viper
 11293 | Gauntlet | Noticed a two-headed ogre
 11293 | Gauntlet | a mana viper changed into a two-headed ogre
 11349 | Gauntlet | Reached skill level 9 in Hexes
 11494 | Gauntlet | Identified the +8 large shield of Surprise {*Slow rF+
                  | Regen+ Dex+10}
 11494 | Gauntlet | Noticed a minotaur
 11599 | Gauntlet | HP: 1/79 [minotaur/javelin (25)]
 12313 | Gauntlet | Slain by a minotaur

Skill      XL: |  1  2  3  4  5  6  7  8  9 10 11 |
---------------+----------------------------------+-----
Conjurations   | 1 2 4 5 |  5.4
Maces & Flails | 1 2 |  2.0
Poison Magic   | 1 3 4 5 8 |  8.0
Fighting       | 2 4 5 |  5.0
Short Blades   | 1 2 |  2.0
Fire Magic     | 1 3 4 |  4.0
Air Magic      | 1 3 |  3.0
Spellcasting   | 4 5 6 |  6.0
Armour         | 1 3 5 |  5.0
Dodging        | 2 3 |  3.0
Hexes          | 1 3 6 9 |  9.1
Polearms       | 2 |  2.0
Charms         | 2 3 |  3.0
Necromancy     | 2 5 |  5.0
Stealth        | |  2.4
Summonings     | |  1.0
Translocations | |  0.8

Action                   |  1- 3 |  4- 6 |  7- 9 | 10-12 || total
-------------------------+-------+-------+-------+-------++-------
Melee: Mace              |     3 |       |       |       ||     3
       Whip              |    25 |    36 |   247 |    59 ||   367
       Dagger            |       |       |    40 |    73 ||   113
       Staff             |       |       |     3 |     2 ||     5
       Trident           |       |       |       |   265 ||   265
 Fire: Shortbow          |       |       |       |     4 ||     4
Throw: Tomahawk          |       |       |       |     4 ||     4
 Cast: Magic Dart        |    50 |    83 |   110 |    22 ||   265
       Mephitic Cloud    |     1 |     4 |    34 |    68 ||   107
       Conjure Flame     |       |       |    16 |    41 ||    57
       Confuse           |       |       |       |    18 ||    18
       Regeneration      |       |       |       |    19 ||    19
       Sublimation of Bl |       |       |       |     3 ||     3
 Abil: Dig               |     5 |       |     6 |    21 ||    32
Evoke: Wand              |       |       |       |     8 ||     8
       Fan of gales      |       |       |       |     1 ||     1
  Use: Scroll            |       |       |     7 |     7 ||    14
       Potion            |       |       |     1 |     8 ||     9
 Stab: Sleeping          |     1 |     1 |     3 |     1 ||     6
       Confused          |       |     2 |    13 |    21 ||    36
  Eat: Chunk             |     2 |     6 |    21 |    47 ||    76
       Ration            |       |       |       |     1 ||     1
Armor: Robe              |     7 |     7 |    41 |    37 ||    92
       Ring mail         |       |       |       |     4 ||     4
Dodge: Dodged            |    27 |    23 |   161 |   142 ||   353
Block: Shield            |       |       |       |    17 ||    17
